 Dungeon Crawl Stone Soup version 0.22-a0-571-g4a923d4 (webtiles) character file.

262 kae the Chiller (level 6, 0/41 HPs)
             Began as a Merfolk Ice Elementalist on July 1, 2018.
             Slain by a bullfrog skeleton (7 damage)
             ... on level 4 of the Dungeon.
             The game lasted 00:03:10 (3555 turns).

kae the Chiller (Merfolk Ice Elementalist)          Turns: 3555, Time: 00:03:11

Health: 0/41       AC:  3    Str: 11    XL:     6   Next: 18%
Magic:  4/11       EV: 13    Int: 14    God:
Gold:   131        SH:  0    Dex: 14    Spells: 10/11 levels left

rFire    . . .     SeeInvis .   b - +0 spear
rCold    . . .     Gourm    .   (no shield)
rNeg     . . .     Faith    .   a - +1 robe
rPois    .         Spirit   .   (no helmet)
rElec    .         Reflect  .   (no cloak)
rCorr    .         Harm     .   (no gloves)
MR       .....                  (no boots)
Stlth    ++........             (no amulet)
HPRegen  0.13/turn              (no ring)
MPRegen  0.12/turn              (no ring)

@: no status effects
A: change form in water, swift swim, stealthy swim
a: no special abilities


You were on level 4 of the Dungeon.
You were not hungry.

You visited 1 branch of the dungeon, and saw 4 of its levels.

You collected 131 gold pieces.

Inventory:

Hand Weapons
 b - a +0 spear (weapon)
Armour
 a - a +1 robe (worn)
Jewellery
 d - an uncursed ring of protection from magic {unknown}
 k - an uncursed ring of positive energy {unknown}
 n - a cursed -3 ring of dexterity {unknown}
Scrolls
 f - 3 scrolls of remove curse
 i - 2 scrolls of identify
Potions
 e - 3 potions of ambrosia
 g - 2 potions of magic {unknown}
 h - a potion of cancellation {unknown}
 j - a potion of berserk rage {unknown}
 l - 2 potions of curing {unknown}
 m - a potion of heal wounds {unknown}
 p - 2 potions of flight {unknown}
Comestibles
 c - 5 rations


   Skills:
 - Level 2.6 Dodging
 - Level 2.1 Stealth
 + Level 2.6 Unarmed Combat
 + Level 3.3 Spellcasting
   Level 0.7 Conjurations
 * Level 5.8 Ice Magic


You had 10 spell levels left.
You knew the following spells:

 Your Spells              Type           Power        Failure   Level  Hunger
a - Freeze                Ice            ###.         1%          1    #......

Your spell library contained the following spells:

 Spells                   Type           Power        Failure   Level  Hunger
 Throw Frost              Conj/Ice       ##....       9%          2    ##.....
 Summon Ice Beast         Ice/Summ       ##......     52%         4    #####..
 Ozocubu's Armour         Chrm/Ice       ##......     19%         3    ###....
 Throw Icicle             Conj/Ice       ##......     47%         4    #####..


Dungeon Overview and Level Annotations

Branches:
Dungeon (4/15)
 Temple: D:4-7

Altars:
Dithmenos
Nemelex Xobeh


Message History

Confirm with . or Enter, or press ? or * to list all spells.
Aiming: Freeze (safe; 1% risk of failure)
Press: ? - help, Shift-Dir - straight line, f/p - bullfrog skeleton
Aim: a bullfrog skeleton (almost destroyed)
You freeze the bullfrog skeleton.
The bullfrog skeleton completely resists.
The bullfrog skeleton is almost destroyed.
The bullfrog skeleton hits you.
* * * LOW HITPOINT WARNING * * *
Casting: Freeze (safe; 1% risk of failure)
Confirm with . or Enter, or press ? or * to list all spells.
Aiming: Freeze (safe; 1% risk of failure)
Press: ? - help, Shift-Dir - straight line, f/p - bullfrog skeleton
Aim: a bullfrog skeleton (almost destroyed)
You freeze the bullfrog skeleton.
The bullfrog skeleton resists.
The bullfrog skeleton is almost destroyed.
The bullfrog skeleton hits you.
* * * LOW HITPOINT WARNING * * *
The bullfrog skeleton hits you!
You die...

##+## ##...## ## ##
##.....## .# #.
##...<...## #.# #.
#.........####..#.####.#
'.........+..?..Z.......
#.........# #..@##
##.......## ##...#
##.....## ###.# ##...##
#.# ##'## #.# #.# #.#
##.## #.# ####...####
#.# ....###...# #.#


You could see a bullfrog skeleton.

Vanquished Creatures
  An ogre (D:4)
  An orc wizard (D:3)
  A hound skeleton (D:4)
  A gnoll (D:1)
  3 adders
  2 oozes
  3 dart slugs
  3 leopard geckos
  6 orcs (D:3)
  10 bats
  3 giant cockroaches
  3 goblins
  3 hobgoblins
  4 jackals (D:4)
  A quokka (D:3)
  2 ball pythons
  4 frilled lizards
  16 kobolds
  11 rats
78 creatures vanquished.

Notes
Turn   | Place    | Note
-------+----------+-------------------------------------------
     0 | D:1      | kae the Merfolk Ice Elementalist began the quest for the Orb.
     0 | D:1      | Reached XP level 1. HP: 13/13 MP: 3/3
   167 | D:1      | Reached XP level 2. HP: 18/19 MP: 0/5
   382 | D:1      | Reached skill level 4 in Ice Magic
   433 | D:1      | Reached XP level 3. HP: 24/24 MP: 6/6
  1701 | D:2      | Reached XP level 4. HP: 25/30 MP: 5/7
  1796 | D:2      | Reached skill level 1 in Unarmed Combat
  2288 | D:2      | Found a sparkling altar of Nemelex Xobeh.
  2464 | D:3      | Reached skill level 5 in Ice Magic
  2521 | D:3      | Reached XP level 5. HP: 13/35 MP: 2/9
  3171 | D:4      | Noticed an ogre
  3225 | D:4      | Killed an ogre
  3225 | D:4      | Reached XP level 6. HP: 21/41 MP: 9/11
  3468 | D:4      | Found a shadowy altar of Dithmenos.
  3555 | D:4      | Slain by a bullfrog skeleton

Vault maps used:
D:1:      elethiomel_arrival_maze
D:2:      nemelex_spade_bored_becter
D:4:      nicolae_dithmenos_shadow_blocks, kennysheep_orc_chapel

Skill      XL: |  1  2  3  4  5 |
---------------+----------------+-----
Ice Magic      | 4 5 |  5.8
Unarmed Combat | 1 2 |  2.6
Spellcasting   | 3 |  3.3
Dodging        | |  2.6
Stealth        | |  2.1
Conjurations   | |  0.7

Action                   |  1- 3 |  4- 6 || total
-------------------------+-------+-------++-------
Melee: Spear             |    61 |   132 ||   193
       Punch             |       |     1 ||     1
 Cast: Freeze            |    37 |    45 ||    82
  Use: Scroll            |     2 |     3 ||     5
 Stab: Sleeping          |     4 |     4 ||     8
       Distracted        |       |     1 ||     1
  Eat: Chunk             |     3 |     6 ||     9
Armor: Robe              |    20 |    41 ||    61
Dodge: Dodged            |    49 |   110 ||   159

Table legend:
 A = Spawn XP
 B = Non-spawn XP
 C = Spawn XP percentage of total XP
 D = Spawn monster count
 E = Non-spawn monster count
 F = Spawn count percentage of total count
 G = Total turns spent on level
                    A         B        C        D         E        F      G
               +---------+---------+-------+---------+---------+-------+---------
         Total |       0 |     375 |   0.0 |       0 |      78 |   0.0 |  3555
               +---------+---------+-------+---------+---------+-------+---------
           D:1 |       0 |      55 |   0.0 |       0 |      23 |   0.0 |  1295
           D:2 |       0 |      67 |   0.0 |       0 |      31 |   0.0 |  1081
           D:3 |       0 |     100 |   0.0 |       0 |      18 |   0.0 |   771
           D:4 |       0 |     153 |   0.0 |       0 |       6 |   0.0 |   408
               +---------+---------+-------+---------+---------+-------+---------
